 Dungeon Crawl Stone Soup version 0.26.0-9-gab577f9fc5 (webtiles) character file.

Game seed: 14571789500575696118

235242 DocSulfur the Warrior (level 17, -36/131 (146) HPs)
             Began as a Demonspawn Necromancer on Jan 13, 2021.
             Was a High Priest of Jiyva.
             Annihilated by a vault warden
             ... wielding a +0 halberd of pain
              (57 damage)
             ... on level 1 of the Vaults.
             The game lasted 02:40:38 (39259 turns).

DocSulfur the Warrior (Demonspawn Necromancer)     Turns: 39259, Time: 02:40:39

HP:   -36/131 (146) AC: 19    Str:  8    XL:     17   Next: 97%
MP:   0/29          EV: 39    Int: 26    God:    Jiyva [*****.]
Gold: 1471          SH:  8    Dex: 37    Spells: 13/32 levels left

rFire    x . .     SeeInvis .   C - +4 eveningstar (protect)
rCold    + + .     Faith    .   a - +0 buckler
rNeg     + . .     Spirit   +   s - +2 robe of Vines {NoPotionHeal Regen+7}
rPois    .         Reflect  .   (helmet restricted)
rElec    +         Harm     .   B - +1 cloak
rCorr    +         Rampage  .   G - +1 pair of gloves {Str+3}
Will     +....     Clarity  +   v - +0 pair of boots
Stlth    ++++......             K - amulet of Telahaf {+Inv Regen+ Int+3 Dex+5}
HPRegen  4.31/turn              y - ring "Quah" {rElec Int+6 Dex+4}
MPRegen  0.21/turn              S - ring of ice

@: agile, protection aura, heavily drained, repel missiles
A: fangs 1, horns 1, repulsion field 3, agile 1, clarity, clever 1, cold
resistance 1, mutation resistance 1, negative energy resistance 1, sense
surroundings 1, powered by pain 2, regeneration 2, eyeballs 1, gelatinous body
2, translucent skin 1, jelly sensing items, magic shield
}: 3/15 runes: decaying, slimy, gossamer
a: Renounce Religion, Evoke Invisibility, Request Jelly, Slimify, Cure Bad
Mutation


You were on level 1 of the Vaults.
You worshipped Jiyva.
Jiyva was extremely pleased with you.
You visited 8 branches of the dungeon, and saw 38 of its levels.
You visited the Abyss 2 times.
You also visited: Bailey.

You collected 1841 gold pieces.
You spent 370 gold pieces at shops.

Inventory:

Hand Weapons
 d - a +4 halberd
 x - a +4 demon trident of draining
 C - a +4 eveningstar of protection (weapon)
 P - the +7 hunting sling of Quveib {venom, +Fly rElec rF+}
   (You found it on level 5 of the Pits of Slime)

   It poisons the ammo it fires.
   It protects you from fire.
   It insulates you from electricity.
   It lets you fly.
 T - a +0 broad axe
Missiles
 m - 323 bolts
 n - 410 stones
 u - 116 sling bullets
 F - 8 boomerangs of dispersal
 N - a throwing net
Armour
 a - a +0 buckler (worn)
 s - the +2 robe of Vines (worn) {NoPotionHeal Regen+7}
   (You found it on level 5 of the Pits of Slime)

   It increases your rate of regeneration.
 v - a +0 pair of boots (worn)
 B - a +1 cloak (worn)
 G - a +1 pair of gloves of strength (worn)
 H - a +0 tower shield
 U - a +0 kite shield
Jewellery
 j - an uncursed ring of fire
 o - an uncursed ring of protection from cold
 y - the ring "Quah" (left hand) {rElec Int+6 Dex+4}
   (You found it on level 5 of the Pits of Slime)

   [ring of intelligence]

   It affects your intelligence (+6).
   It affects your dexterity (+4).
   It insulates you from electricity.
 D - an uncursed ring of wizardry
 K - the amulet of Telahaf (around neck) {+Inv Regen+ Int+3 Dex+5}
   (You found it on level 5 of the Pits of Slime)

   [amulet of regeneration]

   It affects your intelligence (+3).
   It affects your dexterity (+5).
   It lets you turn invisible.
   It increases your rate of regeneration.
 O - a +4 ring of evasion
 S - a ring of ice (right hand)
 X - an uncursed ring of willpower
Wands
 e - a wand of polymorph (4)
 L - a wand of digging (1)
 W - a wand of paralysis (4)
Scrolls
 f - 8 scrolls of remove curse
 h - 3 scrolls of amnesia
 k - 3 scrolls of immolation
 r - 3 scrolls of fog
 w - a scroll of brand weapon
 A - 5 scrolls of enchant armour
 I - a scroll of holy word
 J - 5 scrolls of teleportation
 M - 4 scrolls of enchant weapon
 Q - 2 scrolls of identify
 R - 4 scrolls of magic mapping
Potions
 b - 2 potions of attraction
 c - 2 potions of might
 g - 5 potions of flight
 i - a potion of berserk rage
 p - 3 potions of heal wounds
 q - 3 potions of cancellation
 t - a potion of invisibility
 z - 3 potions of curing
 E - 2 potions of ambrosia
 V - 2 potions of resistance
 Y - 2 potions of haste
Miscellaneous
 l - a phial of floods


   Skills:
 - Level 16.6 Fighting
 + Level 4.5 Maces & Flails
 - Level 15.7 Polearms
 - Level 4.2 Slings
 - Level 6.6 Armour
 - Level 12.0 Dodging
 - Level 1.7 Stealth
 - Level 4.0 Shields
 - Level 8.2 Spellcasting
 + Level 6.4 Hexes
 - Level 10.4 Necromancy
 + Level 5.7 Air Magic


You had 13 spell levels left.
You knew the following spells:

 Your Spells              Type           Power        Failure   Level
a - Pain                  Necr           100%         1%          1
b - Animate Skeleton      Necr           100%         1%          1
c - Vampiric Draining     Necr           30%          1%          3
d - Animate Dead          Necr           30%          1%          4
e - Agony                 Necr           60%          1%          5
f - Silence               Hex/Air        21%          12%         5

Your spell library contained the following spells:

 Spells                   Type           Power        Failure   Level
 Confusing Touch          Hex            44%          1%          3
 Cause Fear               Hex            22%          3%          4
 Dazzling Flash           Conj/Hex       54%          4%          3
 Freeze                   Ice            64%          5%          1
 Magic Dart               Conj           40%          5%          1
 Searing Ray              Conj           20%          9%          2
 Fulminant Prism          Conj/Hex       13%          14%         4
 Frozen Ramparts          Ice            32%          17%         3
 Gell's Gravitas          Tloc           5%           17%         3
 Ozocubu's Armour         Ice            16%          17%         3
 Metabolic Englaciation   Hex/Ice        20%          38%         5
 Yara's Violent Unravell  Hex/Tmut       13%          38%         5
 Hailstorm                Conj/Ice       16%          50%         4
 Iskenderun's Mystic Bla  Conj/Tloc      10%          50%         4
 Petrify                  Tmut/Erth      10%          50%         4
 Summon Ice Beast         Ice/Summ       16%          50%         4
 Discord                  Hex            22%          100%        8


Dungeon Overview and Level Annotations

Branches:
Dungeon (15/15)            Temple (1/1) D:5            Lair (6/6) D:10
  Swamp (4/4) Lair:4       Spider (4/4) Lair:3        Slime (5/5) Lair:5
    Orc (2/2) D:10            Elf (0/3) Orc:2        Vaults (1/5) D:13
 Depths (0/5) D:15         Bailey (visited)

Altars:
Ashenzari
Cheibriados
Dithmenos
Elyvilon
Fedhas
Gozag
Hepliaklqana
Kikubaaqudgha
Makhleb
Nemelex Xobeh
Okawaru
Qazlal
Ru
Sif Muna
Trog
Uskayaw
Vehumet
Wu Jian
Xom
Yredelemnul
Zin
The Shining One
Jiyva

Shops:
D:4 [   D:10 (?   Orc:2 [[}=

Annotations:
Lair:3 exclusion: oklob plant
Slime:2 Dissolution
Slime:5 Royal Jelly


Innate Abilities, Weirdness & Mutations

You have a pair of small horns on your head.
You are surrounded by a strong repulsion field. (EV +4, RMsl)
You resist negative energy. (rN+)
You sometimes gain power by taking damage.
When hurt, damage is shared between your health and your magic reserves.
You have very sharp teeth.
You are agile. (Dex +2)
You possess an exceptional clarity of mind.
Your mind is acute. (Int +2)
Your flesh is cold resistant. (rC+)
You are somewhat resistant to further mutation.
You passively map a small area around you.
You heal very quickly.
Your body has grown golden eyes which may confuse attackers. (Acc +3)
Your pliable body absorbs attacks. (AC +2, EV +2)
Your translucent skin slightly reduces your foes' accuracy. (Stealth)
You have a small jelly attached to you that senses nearby items.


Message History

The vault warden activates a sealing rune.
A door slams shut!
The ironheart preserver closely misses you.
A vault warden opens the door.
The vault sentinel unwields an uncursed morningstar.
The vault sentinel wields an arbalest.
The vault sentinel shoots a bolt.
You block the bolt.
A vault sentinel comes into view. It is wielding a +0 arbalest.
You hit the ironheart preserver.
The ironheart preserver is almost dead.
The vault warden hits you with a +0 halberd of pain!!!
* * * LOW HITPOINT WARNING * * *
You focus on the pain.
You feel agile all of a sudden.
You writhe in agony.
* * * LOW HITPOINT WARNING * * *
The ironheart preserver gestures wildly while chanting.
The ironheart preserver is healed somewhat.
The vault warden hits you with a +0 halberd of pain!!!
You die...

#..#'#..##......#.....####
#....)).##......#.....#
##...))###............#
#.....# #......#.....#
##...## #......#.....#
#...# #......#,... #...#
#......#, ..
########+###### , #..p@p#
##..)## ,, #.....* ##+#p##
* *..cp. , ##c..# , . ...*
, *#####


You could see an ironheart preserver (strong), 2 vault wardens, a yaktaur
captain and a vault sentinel.

Vanquished Creatures
  Arachne (Spider:2)
  The ghost of Sickboy the Tortoise, an adept MiFi of the Shining One (Swamp:4)
  Kirke (Spider:4)
  Donald (Vaults:1)
  A fire giant (D:15)
  5 ghost moths (Spider:4)
  4 emperor scorpions
  Aizul (Swamp:1)
  Louise (Swamp:1)
  Nessos (D:14)
  4 bunyips
  A deep elf demonologist (Abyss:3)
  3 dire elephants (Lair:6)
  5 entropy weavers
  2 spark wasps (Spider:4)
  An ettin (Orc:2)
  2 eleionomae
  A shambling mangrove (Swamp:3)
  A rakshasa (Abyss:3)
  A yaktaur captain (Vaults:1)
  7 boulder beetles
  14 hydras
  An anaconda (Lair:6)
  An ice dragon (Swamp:4)
  A catoblepas (Lair:5)
  2 centaur warriors
  A queen ant (Lair:3)
  8 alligators
  3 two-headed ogres
  5 death yaks (Lair:4)
  A tengu warrior (Swamp:1)
  A thrashing horror (Abyss:3)
  A dancing weapon (Swamp:4)
  A skeletal warrior (D:13)
  3 wretched stars
  An unseen horror (D:12)
  4 bog bodies
  2 spriggan druids
  3 goliath frogs
  10 swamp dragons
  A deep elf archer (D:13)
  An ironbrand convoker (Vaults:1)
  A phantasmal warrior (Abyss:3)
  A spectral wolf spider (D:14)
  9 orc knights
  2 will-o-the-wisps
  2 orc sorcerers
  26 orb spiders
  13 ugly things
  28 wolf spiders
  A manticore (D:12)
  13 elephants (Lair:6)
  4 cyclopes
  2 black mambas (Lair:6)
  A moth of wrath (Spider:4)
  2 smoke demons (Abyss:3)
  A torpor snail (Swamp:3)
  11 komodo dragons
  13 cane toads
  9 demonic crawlers
  A kobold demonologist (D:13)
  6 rime drakes
  An efreet (D:15)
  2 ancient zymes (Abyss:3)
  6 yaktaurs
  A tengu conjurer (Swamp:1)
  A hellwing (Abyss:3)
  7 trolls
  5 polar bears
  31 jumping spiders
  2 harpy skeletons
  13 hornets
  9 tyrant leeches
  7 dream sheep (Lair:6)
  6 raiju
  14 blink frogs
  A human simulacrum (Vaults:1)
  3 water elementals (D:15)
  4 spriggans
  A shadow (D:12)
  6 wyverns
  A wraith (D:10)
  3 large abominations
  80 redbacks
  A ynoxinul (Abyss:4)
  23 tarantellas
  2 basilisks (Lair:3)
  41 yaks
  A steam dragon (D:12)
  2 hogs (Spider:4)
  A neqoxec (Abyss:4)
  A spatial vortex (Abyss:3)
  4 wargs
  18 soldier ants
  20 swamp worms
  An acid dragon (D:11)
  16 water moccasins
  11 black bears
  6 swamp drakes (Swamp:4)
  10 sky beasts
  2 phantoms
  27 orc warriors
  A sky beast (shapeshifter) (D:14)
  3 ice beasts
  8 ogres
  A necrophage (D:7)
  5 wolves (Lair:4)
  9 centaurs
  2 big kobolds (D:13)
  10 bullfrogs
  Blork the orc (D:5)
  A water moccasin zombie (D:10)
  2 small abominations (Abyss:3)
  A scorpion (D:8)
  11 killer bees
  28 wights
  A howler monkey (D:10)
  5 electric eels
  A jelly (Spider:1)
  A bullfrog zombie (D:10)
  4 centaur zombies
  7 hounds
  A quasit (D:11)
  5 orc wizards
  An orc priest (Vaults:1)
  4 bullfrog skeletons
  10 centaur skeletons
  4 iguanas
  31 worker ants
  2 worker ant zombies
  11 gnolls
  9 adders
  2 shadow imps (D:7)
  4 white imps
  2 ufetubi
  3 dart slugs
  3 leopard geckos
  35 orcs
  8 giant cockroaches
  8 goblins
  4 hobgoblins
  12 jackals
  13 kobolds
  2 quokkas
  3 ball pythons
  3 bats
  A frilled lizard (D:2)
  A leopard gecko zombie (D:5)
  A quokka skeleton (D:6)
  8 rats
940 creatures vanquished.

Vanquished Creatures (collateral kills)
  An emperor scorpion (Spider:4)
  A death knight (D:15)
  An orb spider (Spider:4)
  2 wolf spiders
  A torpor snail (Spider:1)
  A gargoyle (D:15)
  A demonic crawler (Spider:4)
  A troll (D:12)
  2 jumping spiders
  A raiju (Abyss:3)
  2 tarantellas
  An orc warrior (Orc:2)
  A centaur (Orc:2)
  An orc wizard (Orc:2)
  A gnoll (D:3)
  2 orcs (Orc:2)
20 creatures vanquished.

Vanquished Creatures (others)
  An acid blob (Lair:3)
  A red draconian (Abyss:5)
  A death ooze (Abyss:4)
  3 great orbs of eyes
  A goliath frog (Swamp:2)
  4 harpies (Vaults:1)
  A cyclops (D:13)
  An elephant (Lair:6)
  An apocalypse crab (Abyss:4)
  A smoke demon (Abyss:4)
  2 yaktaurs (D:13)
  A troll (D:9)
  A jumping spider (Spider:4)
  8 slime creatures
  A raiju (Abyss:4)
  A redback (Spider:2)
  8 yaks
  A shadow (D:15)
  A wyvern (D:10)
  3 fire bats (Abyss:4)
  A basilisk (shapeshifter) (D:13)
  A golden eye (Abyss:3)
  A human (Spider:4)
  2 swamp worms (Swamp:3)
  A water moccasin (shapeshifter) (Abyss:4)
  3 water moccasins
  A swamp drake (Swamp:4)
  7 orc warriors
  An ogre (D:12)
  A black bear (Lair:1)
  3 eyes of draining
  A phantom (D:9)
  12 centaurs
  4 bullfrogs
  2 scorpions
  A killer bee (D:8)
  A howler monkey (D:6)
  12 wights
  3 electric eels (D:6)
  A centaur zombie (D:7)
  A bullfrog zombie (D:13)
  5 hounds
  235 jellies
  5 orc wizards
  3 orc priests
  A centaur skeleton (D:10)
  An iguana (D:7)
  A worker ant (D:9)
  A killer bee zombie (D:10)
  A worker ant zombie (D:10)
  A howler monkey skeleton (D:5)
  An adder skeleton (D:5)
  A leopard gecko (D:11)
  14 orcs
  3 jackals (D:9)
  2 quokkas
  A kobold (D:13)
  A bush (Abyss:3)
  2 butterflies (Lair:5)
  7 demonic plants (Abyss:3)
  16 foxfires
  126 fungi
  A lurking horror (Abyss:3)
  220 plants
  4 withered plants (D:14)
755 creatures vanquished.

Grand Total: 1715 creatures vanquished

Notes
Turn   | Place    | Note
-------+----------+-------------------------------------------
     0 | D:1      | DocSulfur the Demonspawn Necromancer began the quest for
                  | the Orb.
     0 | D:1      | Reached XP level 1. HP: 13/13 MP: 3/3
   160 | D:1      | Learned a level 1 spell: Animate Skeleton
   312 | D:1      | Gained mutation: You sometimes gain a little power by
                  | taking damage. [demonic ancestry]
   312 | D:1      | Reached XP level 2. HP: 9/19 MP: 0/5
  1477 | D:2      | Reached skill level 5 in Necromancy
  1477 | D:2      | Gained mutation: You are surrounded by a mild repulsion
                  | field. (EV +2) [demonic ancestry]
  1477 | D:2      | Reached XP level 3. HP: 23/24 MP: 5/7
  1492 | D:2      | Learned a level 3 spell: Vampiric Draining
  2730 | D:3      | Reached XP level 4. HP: 30/30 MP: 8/8
  2817 | D:3      | Found a bloodstained altar of Trog.
  3094 | D:3      | Gained mutation: You are surrounded by a moderate repulsion
                  | field. (EV +3) [demonic ancestry]
  3094 | D:3      | Reached XP level 5. HP: 17/35 MP: 2/10
  3882 | D:4      | Learned a level 4 spell: Animate Dead
  3950 | D:4      | Found Soumitox's Armour Boutique.
  4431 | D:4      | Gained mutation: When hurt, damage is shared between your
                  | health and your magic reserves. [demonic ancestry]
  4431 | D:4      | Reached XP level 6. HP: 36/41 MP: 9/12
  4889 | D:4      | Noticed a sky beast
  5015 | D:4      | Got a scorched ring mail
  5025 | D:4      | Identified the +5 ring mail "Puablaefi" {rC+} (You found it
                  | on level 4 of the Dungeon)
  5048 | D:4      | Learned a level 5 spell: Agony
  5183 | D:4      | Killed a sky beast
  5184 | D:4      | Reached skill level 1 in Armour
  5279 | D:4      | Bought a +1 pair of gloves of strength for 214 gold pieces
  5316 | D:5      | Entered Level 5 of the Dungeon
  5366 | D:5      | Found a stormy altar of Qazlal.
  5392 | D:5      | Found a staircase to the Ecumenical Temple.
  5401 | Temple   | Entered the Ecumenical Temple
  5474 | Temple   | Became a worshipper of Jiyva Jaxykluc the Shapeless
  5722 | D:5      | Noticed Blork the orc
  5727 | D:5      | Killed Blork the orc
  5728 | D:5      | Reached skill level 5 in Spellcasting
  5728 | D:5      | Gained mutation: You have a pair of small horns on your
                  | head. [demonic ancestry]
  5728 | D:5      | Reached XP level 7. HP: 45/46 MP: 14/14
  5923 | D:5      | Reached * piety under Jiyva
  6988 | D:6      | Found a shimmering altar of Xom.
  7081 | D:6      | Found a glowing golden altar of the Shining One.
  7158 | D:6      | Found an iron altar of Okawaru.
  7202 | D:6      | Reached XP level 8. HP: 47/52 MP: 16/16
  7207 | D:6      | Reached ** piety under Jiyva
  7770 | D:7      | Found a radiant altar of Vehumet.
  7904 | D:7      | Reached *** piety under Jiyva
  7920 | D:7      | Gained mutation: Armour fits poorly on your strangely
                  | shaped body. [Jiyva's grace]
  8096 | D:7      | Found an ornate altar of the Wu Jian Council.
  8096 | D:7      | Found an ancient bone altar of Kikubaaqudgha.
  8945 | D:9      | Reached **** piety under Jiyva
  8954 | D:9      | Killed a troll
  9107 | D:8      | Found an ancient bone altar of Kikubaaqudgha.
  9133 | D:8      | Reached skill level 5 in Armour
  9133 | D:8      | Gained mutation: You are surrounded by a strong repulsion
                  | field. (EV +4, RMsl) [demonic ancestry]
  9133 | D:8      | Reached XP level 9. HP: 56/57 MP: 17/19
  9355 | D:8      | Gained mutation: You have large cloven feet. [Jiyva's
                  | grace]
 10171 | D:9      | Found a blossoming altar of Fedhas.
 10189 | D:9      | Reached ***** piety under Jiyva
 10330 | D:9      | Found a sacrificial altar of Ru.
 10586 | D:10     | Entered Level 10 of the Dungeon
 10607 | D:10     | Found a staircase to the Lair.
 10608 | D:10     | Noticed a komodo dragon
 10645 | D:10     | Killed a komodo dragon
 10646 | D:10     | Reached skill level 10 in Necromancy
 10882 | D:10     | Gained mutation: Your mind is acute. (Int +2) [Jiyva's
                  | grace]
 10911 | D:10     | Lost mutation: Armour fits poorly on your strangely shaped
                  | body. [Jiyva's power]
 10928 | D:10     | Noticed an eight-headed hydra
 11025 | D:10     | Gained mutation: You evolve. [Jiyva's grace]
 11190 | D:11     | Noticed a white ugly thing
 11257 | D:12     | Reached XP level 10. HP: 40/64 MP: 16/22
 11268 | D:12     | Reached skill level 1 in Fighting
 11272 | D:12     | Reached skill level 1 in Polearms
 11385 | D:12     | Reached skill level 2 in Fighting
 11407 | D:12     | Gained mutation: You possess an exceptional clarity of
                  | mind. [Jiyva's grace]
 11429 | D:12     | Noticed a manticore
 11608 | D:13     | Found a flagged portal.
 11632 | D:13     | Killed a cyclops
 11650 | Bailey   | Entered a bailey
 11684 | Bailey   | Noticed an orc knight
 11772 | D:13     | Noticed a harpy
 11831 | D:13     | Noticed an eight-headed hydra
 11837 | D:13     | Slimified an eight-headed hydra
 11837 | D:13     | Noticed an acid blob
 11837 | D:13     | an eight-headed hydra changed into an acid blob
 11877 | D:13     | Reached skill level 3 in Fighting
 12089 | D:11     | Slimified a white ugly thing
 12089 | D:11     | a white ugly thing changed into a slime creature
 12109 | D:11     | Noticed a cyclops
 12109 | D:11     | Lost mutation: You have large cloven feet. [Jiyva's grace]
 12123 | D:10     | Slimified an eight-headed hydra
 12123 | D:10     | an eight-headed hydra changed into a slime creature
 12337 | D:9      | Gained mutation: Your body sometimes deteriorates upon
                  | taking damage. [evolution]
 12341 | D:10     | Found Qosur's Magic Scroll Shoppe.
 12346 | D:10     | Found a staircase to the Orcish Mines.
 12346 | D:10     | Found Pets's Weapon Emporium.
 12348 | D:10     | Bought a scroll of identify for 26 gold pieces
 12348 | D:10     | Bought a scroll of identify for 26 gold pieces
 12348 | D:10     | Bought a scroll of identify for 26 gold pieces
 12348 | D:10     | Bought a scroll of identify for 26 gold pieces
 12348 | D:10     | Bought a scroll of identify for 26 gold pieces
 12348 | D:10     | Bought a scroll of identify for 26 gold pieces
 12626 | D:10     | Reached skill level 4 in Fighting
 12961 | D:10     | Lost mutation: You evolve. [Jiyva's grace]
 13355 | D:11     | Killed a cyclops
 13356 | D:11     | Reached skill level 5 in Fighting
 13681 | D:11     | Noticed a boulder beetle
 13683 | D:11     | Gained mutation: You have large cloven feet. [Jiyva's
                  | grace]
 13746 | D:11     | Noticed a brown ugly thing
 13750 | D:11     | Slimified a brown ugly thing
 13750 | D:11     | a brown ugly thing changed into a slime creature
 13759 | D:11     | Noticed a cyclops
 13808 | D:11     | Reached skill level 5 in Polearms
 13814 | D:11     | Killed a cyclops
 13870 | D:11     | Reached skill level 6 in Fighting
 13957 | D:12     | Got a heavily runed ivory ring
 13959 | D:12     | Identified the ring "Juist" {*Tele rN+ Str+2} (You found it
                  | on level 12 of the Dungeon)
 13972 | D:11     | Slimified a boulder beetle
 13972 | D:11     | a boulder beetle changed into a slime creature
 13987 | D:11     | Gained mutation: You have supernaturally acute eyesight.
                  | (SInv) [Jiyva's grace]
 14364 | D:8      | Gained mutation: You have a pair of horns on your head.
                  | [Jiyva's grace]
 14364 | D:8      | Reached ****** piety under Jiyva
 14378 | D:8      | Found a shimmering blue altar of Sif Muna.
 14680 | D:8      | Found a glowing silver altar of Zin.
 14730 | D:8      | Reached XP level 11. HP: 74/78 MP: 23/23
 14766 | D:8      | Found an opulent altar of Gozag.
 14981 | D:11     | Noticed a boulder beetle
 14984 | D:11     | Slimified a boulder beetle
 14984 | D:11     | Noticed an acid blob
 14984 | D:11     | a boulder beetle changed into an acid blob
 15569 | D:12     | Reached skill level 7 in Fighting
 15691 | D:12     | Gained mutation: Your muscles are strong. (Str +2) [Jiyva's
                  | grace]
 15725 | D:12     | Noticed a two-headed ogre
 15732 | D:12     | Killed a two-headed ogre
 15958 | D:12     | Noticed an unseen horror
 15964 | D:12     | Killed an unseen horror
 16485 | D:13     | Noticed a centaur warrior
 16506 | D:13     | Slimified a centaur warrior
 16506 | D:13     | a centaur warrior changed into a slime creature
 16512 | D:13     | Gained mutation: Potions are less effective at restoring
                  | your health. [Jiyva's grace]
 16542 | D:13     | Reached skill level 8 in Fighting
 16547 | D:13     | Noticed a skeletal warrior
 16603 | D:13     | Killed a skeletal warrior
 17006 | D:13     | Found a gate to the Vaults.
 17220 | D:14     | Noticed a white ugly thing
 17220 | D:14     | Noticed a white ugly thing
 17231 | D:14     | Noticed a white ugly thing
 17234 | D:14     | Noticed a white ugly thing
 17245 | D:13     | Killed a white ugly thing
 17305 | D:14     | Noticed a red ugly thing
 17312 | D:14     | Noticed a red ugly thing
 17312 | D:14     | Noticed a red ugly thing
 17312 | D:14     | Noticed a red ugly thing
 17364 | D:13     | Killed a cyan ugly thing
 17372 | D:13     | Lost mutation: Your muscles are strong. (Str +2) [Jiyva's
                  | grace]
 17515 | Lair:1   | Entered Level 1 of the Lair of Beasts
 17551 | D:10     | Reached skill level 9 in Fighting
 18056 | Lair:2   | Reached XP level 12. HP: 93/96 MP: 24/24
 18208 | Lair:5   | Gained mutation: Your body has grown golden eyes which may
                  | confuse attackers. (Acc +3) [Jiyva's grace]
 18285 | Lair:5   | Reached skill level 10 in Fighting
 18537 | Lair:5   | Found a runed translucent door.
 18537 | Lair:5   | Found a viscous altar of Jiyva.
 18539 | Lair:5   | Noticed an acid blob
 18540 | Lair:5   | Found a staircase to the Slime Pits.
 18553 | Slime:1  | Entered Level 1 of the Pits of Slime
 18559 | Slime:2  | Noticed Dissolution
 18559 | Slime:2  | Noticed an acid blob
 18559 | Slime:2  | Noticed a great orb of eyes
 18563 | Slime:2  | Noticed a great orb of eyes
 18571 | Slime:2  | Noticed an acid blob
 18572 | Slime:2  | Noticed an azure jelly
 18579 | Slime:3  | Noticed an azure jelly
 18636 | Slime:4  | Lost mutation: Your body sometimes deteriorates upon taking
                  | damage. [potion of mutation]
 18636 | Slime:4  | Lost mutation: You possess an exceptional clarity of mind.
                  | [potion of mutation]
 18636 | Slime:4  | Lost mutation: Your body has grown golden eyes which may
                  | confuse attackers. (Acc +3) [potion of mutation]
 18636 | Slime:4  | Lost mutation: You have a pair of horns on your head.
                  | [potion of mutation]
 18636 | Slime:4  | Gained mutation: Your system is resistant to poisons.
                  | (rPois) [potion of mutation]
 18680 | Slime:4  | Noticed an acid blob
 18713 | Slime:4  | Noticed a great orb of eyes
 18786 | Slime:5  | Entered Level 5 of the Pits of Slime
 18786 | Slime:5  | Noticed an acid blob
 18792 | Slime:5  | Gained mutation: You have a small jelly attached to you
                  | that senses nearby items. [Jiyva's grace]
 18792 | Slime:5  | Gained mutation: Your natural rate of healing is unusually
                  | fast. [Jiyva's grace]
 18793 | Slime:5  | Noticed an acid blob
 18794 | Slime:5  | Gained mutation: You are agile. (Dex +2) [Jiyva's grace]
 18795 | Slime:5  | Noticed a death ooze
 18796 | Slime:5  | Noticed a great orb of eyes
 18797 | Slime:5  | Gained mutation: Your body has grown golden eyes which may
                  | confuse attackers. (Acc +3) [Jiyva's grace]
 18799 | Slime:5  | Noticed a great orb of eyes
 18801 | Slime:5  | Found a viscous altar of Jiyva.
 18802 | Slime:5  | Noticed an azure jelly
 18804 | Slime:5  | Noticed an azure jelly
 18805 | Slime:5  | Noticed an acid blob
 18805 | Slime:5  | Noticed an acid blob
 18805 | Slime:5  | Noticed an acid blob
 18806 | Slime:5  | Found the +2 robe of Vines {NoPotionHeal Regen+7}
 18807 | Slime:5  | Noticed an azure jelly
 18807 | Slime:5  | Noticed an acid blob
 18808 | Slime:5  | Noticed an acid blob
 18808 | Slime:5  | Noticed an acid blob
 18809 | Slime:5  | Noticed the Royal Jelly
 18818 | Slime:5  | Got a slimy rune of Zot
 18876 | Slime:5  | Got a wavering lead ring
 18880 | Slime:5  | Got a bound brass amulet
 18891 | Slime:5  | Identified the amulet of Telahaf {+Inv Regen+ Int+3 Dex+5}
                  | (You found it on level 5 of the Pits of Slime)
 18892 | Slime:5  | Identified the ring "Quah" {rElec Int+6 Dex+4} (You found
                  | it on level 5 of the Pits of Slime)
 18903 | Slime:5  | Got a crystal hunting sling
 18903 | Slime:5  | Identified the +7 hunting sling of Quveib {venom, +Fly
                  | rElec rF+} (You found it on level 5 of the Pits of Slime)
 18924 | Slime:5  | Noticed an acid blob
 19002 | Slime:5  | Noticed an acid blob
 19037 | Slime:5  | Noticed an acid blob
 19200 | Slime:3  | Noticed an azure jelly
 19250 | Slime:1  | Noticed an acid blob
 19510 | Lair:5   | Gained mutation: You expend magic power (3 MP) to
                  | strengthen your wands. [Jiyva's grace]
 19537 | Lair:5   | Noticed a catoblepas
 19573 | Lair:5   | Killed a catoblepas
 19613 | Lair:5   | Noticed a five-headed hydra
 19629 | Lair:5   | Slimified a six-headed hydra
 19629 | Lair:5   | Noticed an azure jelly
 19629 | Lair:5   | a six-headed hydra changed into an azure jelly
 20109 | Lair:4   | Noticed a death yak
 20109 | Lair:4   | Noticed a death yak
 20109 | Lair:4   | Noticed a death yak
 20134 | Lair:4   | Killed a death yak
 20202 | Lair:4   | Noticed a seven-headed hydra
 20211 | Lair:4   | Reached skill level 10 in Polearms
 20244 | Lair:4   | Slimified a seven-headed hydra
 20244 | Lair:4   | Noticed an acid blob
 20244 | Lair:4   | a seven-headed hydra changed into an acid blob
 20247 | Lair:4   | Noticed a death yak
 20247 | Lair:4   | Noticed a death yak
 20282 | Lair:4   | Killed a death yak
 20283 | Lair:4   | Reached skill level 11 in Fighting
 20321 | Lair:4   | Killed a death yak
 20359 | Lair:4   | Killed a death yak
 20362 | Lair:4   | Killed a death yak
 20449 | Lair:4   | Gained mutation: You are somewhat resistant to further
                  | mutation. [Jiyva's grace]
 20572 | Lair:4   | Noticed a four-headed hydra
 20583 | Lair:4   | Slimified a six-headed hydra
 20583 | Lair:4   | Noticed an acid blob
 20583 | Lair:4   | a six-headed hydra changed into an acid blob
 20694 | Lair:4   | Noticed an eight-headed hydra
 20698 | Lair:4   | Slimified an eight-headed hydra
 20698 | Lair:4   | Noticed an azure jelly
 20698 | Lair:4   | an eight-headed hydra changed into an azure jelly
 20792 | Lair:4   | Found a staircase to the Swamp.
 21242 | Lair:4   | Lost mutation: Your body has grown golden eyes which may
                  | confuse attackers. (Acc +3) [Jiyva's grace]
 21414 | Lair:3   | Noticed an eight-headed hydra
 21418 | Lair:3   | Slimified an eight-headed hydra
 21418 | Lair:3   | Noticed an acid blob
 21418 | Lair:3   | an eight-headed hydra changed into an acid blob
 21443 | Lair:3   | Noticed a queen ant
 21476 | Lair:3   | Killed a queen ant
 21477 | Lair:3   | Reached skill level 12 in Fighting
 21477 | Lair:3   | Gained mutation: You sometimes gain power by taking damage.
                  | [demonic ancestry]
 21477 | Lair:3   | Reached XP level 13. HP: 86/108 MP: 21/25
 21664 | Lair:3   | Killed an acid blob
 21682 | Lair:3   | Gained mutation: You are robust. (+10% HP) [Jiyva's grace]
 21693 | Lair:3   | Gained mutation: You tend to lose your temper in combat.
                  | [Jiyva's grace]
 21929 | Lair:3   | Lost mutation: You tend to lose your temper in combat.
                  | [Jiyva's power]
 21952 | Lair:3   | Found a hole to the Spider Nest.
 22408 | Lair:2   | Gained mutation: Your muscles are strong. (Str +2) [Jiyva's
                  | grace]
 23089 | Lair:1   | Lost mutation: You have a small jelly attached to you that
                  | senses nearby items. [Jiyva's grace]
 23534 | Lair:1   | Gained mutation: You are very agile. (Dex +4) [Jiyva's
                  | grace]
 23605 | Lair:1   | Lost mutation: Your muscles are strong. (Str +2) [potion of
                  | mutation]
 23605 | Lair:1   | Lost mutation: You are very agile. (Dex +4) [potion of
                  | mutation]
 23605 | Lair:1   | Lost mutation: You expend magic power (3 MP) to strengthen
                  | your wands. [potion of mutation]
 23605 | Lair:1   | Lost mutation: You have large cloven feet. [potion of
                  | mutation]
 23605 | Lair:1   | Gained mutation: Your mind is very acute. (Int +4) [potion
                  | of mutation]
 23606 | Lair:1   | Lost mutation: Your mind is very acute. (Int +4) [potion of
                  | mutation]
 23606 | Lair:1   | Lost mutation: You are agile. (Dex +2) [potion of mutation]
 23606 | Lair:1   | Lost mutation: You are robust. (+10% HP) [potion of
                  | mutation]
 23606 | Lair:1   | Gained mutation: You are robust. (+10% HP) [potion of
                  | mutation]
 23879 | Lair:6   | Entered Level 6 of the Lair of Beasts
 24085 | Lair:6   | Gained mutation: Your translucent skin slightly reduces
                  | your foes' accuracy. (Stealth) [Jiyva's grace]
 24105 | Lair:6   | Reached skill level 13 in Fighting
 24269 | Lair:6   | Gained mutation: Armour fits poorly on your pseudopods.
                  | [Jiyva's grace]
 24329 | Lair:6   | Reached skill level 5 in Dodging
 24332 | Lair:6   | Noticed an acid blob
 24332 | Lair:6   | an eight-headed hydra changed into an acid blob
 24396 | Lair:6   | Gained mutation: You can translocate small distances at
                  | will. [Jiyva's grace]
 24687 | Lair:6   | Noticed an azure jelly
 24687 | Lair:6   | a ten-headed hydra changed into an azure jelly
 24965 | Lair:6   | Reached XP level 14. HP: 129/129 MP: 26/26
 25509 | Orc:1    | Entered Level 1 of the Orcish Mines
 25609 | Orc:1    | Noticed Jorgrun
 25641 | Orc:1    | Slimified Jorgrun
 25641 | Orc:1    | Noticed Jorgrun
 25641 | Orc:1    | Jorgrun changed into Jorgrun the azure jelly
 25664 | Orc:1    | Gained mutation: Your body sometimes deteriorates upon
                  | taking damage. [Jiyva's grace]
 25701 | Orc:1    | Lost mutation: Your translucent skin slightly reduces your
                  | foes' accuracy. (Stealth) [Jiyva's grace]
 25820 | Orc:2    | Entered Level 2 of the Orcish Mines
 25900 | Orc:2    | Lost mutation: Your body sometimes deteriorates upon taking
                  | damage. [Jiyva's grace]
 25904 | Orc:2    | Found a staircase to the Elven Halls.
 25931 | Orc:2    | Gained mutation: You have acidic saliva. [Jiyva's grace]
 26054 | Orc:2    | Lost mutation: You are robust. (+10% HP) [Jiyva's grace]
 26059 | Orc:2    | Lost mutation: Armour fits poorly on your pseudopods.
                  | [Jiyva's grace]
 26061 | Orc:2    | Lost mutation: You have acidic saliva. [Jiyva's grace]
 26108 | Orc:2    | Gained mutation: Your translucent skin slightly reduces
                  | your foes' accuracy. (Stealth) [Jiyva's grace]
 26171 | Orc:2    | Gained mutation: You have a small jelly attached to you
                  | that senses nearby items. [Jiyva's grace]
 26397 | Orc:2    | Found Hapytuustru's Gadget Shop.
 26397 | Orc:2    | Found Dotrali's Armour Emporium.
 26399 | Orc:2    | Found Zikhets's Antique Armour Shoppe.
 26401 | Orc:2    | Found Susm's Jewellery Boutique.
 26692 | D:14     | Reached skill level 14 in Fighting
 26846 | D:14     | Gained mutation: Your body has grown golden eyes which may
                  | confuse attackers. (Acc +3) [Jiyva's grace]
 26887 | D:14     | Found a basalt altar of Yredelemnul.
 27061 | D:14     | Noticed Nessos
 27101 | D:14     | Killed Nessos
 27825 | D:15     | Entered Level 15 of the Dungeon
 28321 | D:15     | Gained mutation: You expend magic power (3 MP) to
                  | strengthen your wands. [Jiyva's grace]
 28459 | D:15     | Noticed a fire giant
 28478 | D:15     | Killed a fire giant
 28510 | D:15     | Found a staircase to the Depths.
 28567 | D:15     | Gained mutation: Your spells are a little harder to cast,
                  | but a little more powerful. [Jiyva's grace]
 28603 | D:15     | Gained mutation: You resist negative energy. (rN+) [demonic
                  | ancestry]
 28603 | D:15     | Reached XP level 15. HP: 81/127 MP: 27/27
 28632 | D:15     | Gained mutation: Armour fits poorly on your pseudopods.
                  | [Jiyva's grace]
 29106 | Spider:1 | Entered Level 1 of the Spider Nest
 29344 | Spider:1 | Lost mutation: Your translucent skin slightly reduces your
                  | foes' accuracy. (Stealth) [Jiyva's grace]
 29694 | Spider:1 | Reached skill level 15 in Fighting
 30411 | Spider:3 | HP: 1/129 [wolf spider (12)]
 30481 | Spider:3 | Gained mutation: Your rubbery body absorbs attacks. (AC +1,
                  | EV +1) [Jiyva's grace]
 30487 | Spider:3 | Lost mutation: Potions are less effective at restoring your
                  | health. [Jiyva's power]
 30701 | Spider:3 | Lost mutation: Armour fits poorly on your pseudopods.
                  | [Jiyva's grace]
 31238 | Spider:2 | Reached skill level 10 in Dodging
 31370 | Spider:2 | Noticed Arachne
 31501 | Spider:2 | Reached XP level 16. HP: 138/138 MP: 28/28
 31559 | Spider:2 | Killed Arachne
 31889 | Spider:2 | Lost mutation: You have supernaturally acute eyesight.
                  | (SInv) [Jiyva's grace]
 31918 | Spider:2 | Reached skill level 16 in Fighting
 32148 | Spider:4 | Entered Level 4 of the Spider Nest
 32497 | Spider:4 | Reached skill level 15 in Polearms
 32497 | Spider:4 | Reached skill level 1 in Slings
 32543 | Spider:4 | Noticed Kirke
 32560 | Spider:4 | Killed Kirke
 32832 | Spider:4 | Gained mutation: You are frail. (-10% HP) [Jiyva's grace]
 32945 | Spider:4 | Gained mutation: Your flesh is cold resistant. (rC+)
                  | [Jiyva's grace]
 33051 | Spider:4 | Lost mutation: You are frail. (-10% HP) [Jiyva's power]
 33323 | Spider:4 | Lost mutation: Your body has grown golden eyes which may
                  | confuse attackers. (Acc +3) [Jiyva's grace]
 33680 | Spider:4 | Learned a level 5 spell: Silence
 33740 | Spider:4 | Reached skill level 1 in Hexes
 33761 | Spider:4 | Got a gossamer rune of Zot
 34255 | Swamp:1  | Entered Level 1 of the Swamp
 34279 | Swamp:1  | Reached skill level 1 in Air Magic
 34282 | Swamp:1  | Noticed Aizul
 34326 | Swamp:1  | Killed Aizul
 34344 | Swamp:1  | Gained mutation: You passively map a small area around you.
                  | [Jiyva's grace]
 34492 | Swamp:1  | Reached XP level 17. HP: 146/146 MP: 29/29
 34518 | Swamp:1  | Noticed Louise
 34540 | Swamp:1  | Reached skill level 1 in Shields
 34593 | Swamp:1  | Lost mutation: You can translocate small distances at will.
                  | [Jiyva's grace]
 34598 | Swamp:1  | Cast into level 3 of the Abyss (Louise)
 34604 | Abyss:3  | Found a corrupted altar of Lugonu.
 34934 | Abyss:3  | Noticed a Tzitzimitl
 35075 | Abyss:4  | Lost mutation: You expend magic power (3 MP) to strengthen
                  | your wands. [Jiyva's grace]
 35135 | Abyss:4  | Noticed a bone dragon
 35188 | Abyss:4  | Slimified a bone dragon
 35188 | Abyss:4  | a bone dragon changed into a death ooze
 35233 | Abyss:5  | Entered Level 5 of the Abyss
 35249 | Abyss:5  | Noticed a bone dragon
 35251 | Abyss:5  | Slimified a bone dragon
 35251 | Abyss:5  | a bone dragon changed into a death ooze
 35261 | Swamp:1  | Escaped the Abyss
 35308 | Swamp:1  | Cast into level 2 of the Abyss (Louise)
 35315 | Swamp:1  | Escaped the Abyss
 35319 | Swamp:1  | Killed Louise
 35891 | Swamp:2  | Gained mutation: You are agile. (Dex +2) [Jiyva's grace]
 36104 | Swamp:2  | Reached skill level 1 in Maces & Flails
 36115 | Swamp:2  | Lost mutation: Your system is resistant to poisons. (rPois)
                  | [Jiyva's grace]
 36510 | Swamp:4  | Entered Level 4 of the Swamp
 36989 | Swamp:3  | Gained mutation: Your translucent skin slightly reduces
                  | your foes' accuracy. (Stealth) [Jiyva's grace]
 37130 | Swamp:3  | Lost mutation: Your spells are a little harder to cast, but
                  | a little more powerful. [Jiyva's grace]
 37135 | Swamp:3  | Noticed Nikola
 37146 | Swamp:3  | Slimified Nikola
 37146 | Swamp:3  | Noticed Nikola
 37146 | Swamp:3  | Nikola changed into Nikola the acid blob
 37244 | Swamp:3  | Got a dazzling spear
 37244 | Swamp:3  | Identified the +5 spear of Zaynees {venom, MP+9 Dex+4} (You
                  | found it on level 3 of the Swamp)
 37413 | Swamp:4  | Gained mutation: Your body has grown golden eyes which may
                  | confuse attackers. (Acc +3) [Jiyva's grace]
 37670 | Swamp:4  | Reached skill level 5 in Hexes
 37902 | Swamp:4  | Gained mutation: You possess an exceptional clarity of
                  | mind. [Jiyva's grace]
 38039 | Swamp:4  | Found a runed translucent door.
 38060 | Swamp:4  | Found a shimmering altar of Xom.
 38060 | Swamp:4  | Noticed Sickboy's ghost (adept MiFi)
 38114 | Swamp:4  | Reached skill level 5 in Air Magic
 38223 | Swamp:4  | Gained mutation: Your pliable body absorbs attacks. (AC +2,
                  | EV +2) [Jiyva's grace]
 38242 | Swamp:4  | Got a decaying rune of Zot
 38501 | Swamp:4  | Killed Sickboy's ghost
 38583 | Swamp:4  | Got a smoking long sword
 38583 | Swamp:4  | Identified the cursed +3 long sword of Watchfulness
                  | {freeze, rF+ rC+ Str-2 Int+4} (You found it on level 4 of
                  | the Swamp)
 38822 | Vaults:1 | Entered Level 1 of the Vaults
 38880 | D:13     | Gained mutation: You heal very quickly. [Jiyva's grace]
 39047 | Vaults:1 | Noticed Donald
 39071 | Vaults:1 | Killed Donald
 39083 | Vaults:1 | Paralysed by a hornet for 2 turns
 39190 | Vaults:1 | Gained mutation: You have very sharp teeth. [Jiyva's grace]
 39259 | Vaults:1 | Annihilated by a vault warden

Illustrated notes

Levels and vault maps discovered:
D:1:      minmay_arrival_doors, layout_loops_ring, minmay_misc_feat_square
D:2:      layout_loops_cross, minmay_tetromino_t2
D:3:      layout_loops_ring, lemuel_round_altar
D:4:      layout_loops_corners, serial_shops, shop_statue
D:5:      layout_loops_corners, grunt_qazlal_sundering,
          minmay_temple_entry_crystal_x, uniq_blork_the_orc
D:6:      layout_loops_ring, kennysheep_little_box, tso_oasis_becter,
          nicolae_overflow_hidden_temple, serial_bayou, serial_bayou_shore_a,
          serial_bayou_pond_e, serial_bayou_pond_b, serial_bayou_crossing,
          minmay_misc_feat_secret_circle, grunt_decor_fettered
D:7:      layout_basic, gammafunk_temple_overflow_pools, general_overflow_altar
D:8:      layout_loops_corners, pdpol_temple_overflow_zin_treasury_gozag_greed,
          led_sif_pool, basic_altar
D:9:      layout_big_octagon, lemuel_doored_altar, lemuel_crystal_altar,
          serial_glass, glass_columns_a, glass_columns_c, corexii_checkpoint_b
D:10:     minmay_ornate_pinched, layout_cave_pods, david_lair_shrubbed,
          orc_0_dummy, serial_shops, shop_fountains, shop
D:11:     minmay_curly_fans, layout_loops_ring, chequers_serial_rivers_micro_d
D:12:     layout_loops_ring
D:13:     layout_stronghold, hangedman_vaults_entry_quadrant_bands,
          enter_bailey_5
D:14:     layout_loops_ring, serial_co_window_serial, co_window_corner_a,
          co_window_of_opportunity_a, co_window_corner_a, co_window_corner_a,
          co_window_paths_a, co_window_broadway_b, co_window_paths_c,
          co_window_2corner, co_window_corner_b, co_window_paths_e,
          co_window_4corner_b, glass_columns_a, glass_columns_a,
          glass_columns_c, glass_columns_b, glass_columns_a,
          yredelemnul_altar_generic, minivault_14, hangedman_weighted_door,
          uniq_nessos
D:15:     grunt_enter_depths_giant_problem, layout_basic, chequers_jeans
Temple:   pf_slimified_temple
Lair:1:   beast_lair_carwin_large_1, layout_gridlike
Lair:2:   layout_small_grid
Lair:3:   minmay_lair_oklob_tunnel, layout_gridlike,
          nicolae_spider_entry_orb_guardian, zaba_anthell
Lair:4:   layout_loops_ring, nicolae_swamp_entry_splash_gauntlet, st_stairs_11
Lair:5:   layout_cave_pods, slime_altar_2, lemuel_fruit_fields
Lair:6:   due_jungle_book, layout_regular_city, serial_bayou_shore_b
Swamp:1:  layout_falls_marsh, evilmike_swamp_ruin_rubble_1, swamp_pool3,
          kb_tengu_band, uniq_aizul, uniq_louise
Swamp:2:  layout_basic_swamp, evilmike_swamp_ruin_house_6,
          infiniplex_staircase_pool
Swamp:3:  layout_basic_swamp, evilmike_swamp_ruin_house_2, swamp_pool1,
          worms_lemuel, uniq_nikola
Swamp:4:  swamp, layout_basic_swamp, ebering_ghost_xom, swamp_pool3,
          hangedman_swamp_pad
Spider:1: layout_spider_delve
Spider:2: layout_spider_delve, uniq_arachne
Spider:3: layout_spider_delve, hangedman_stitches_earthworm
Spider:4: spider_rune_water, drop_trap, uniq_kirke
Slime:1:  layout_caves
Slime:2:  layout_caves, dissolution_awaits
Slime:3:  layout_caves
Slime:4:  layout_caves, nicolae_slime_welcoming_committee
Slime:5:  uniq_dissolution
Orc:1:    layout_caves, uniq_jorgrun
Orc:2:    st_orc_rangers, layout_caves
Vaults:1: vaults_room_door_hall, vaults_dpeg_diagonal,
          nicolae_vaults_network_star, nicolae_vaults_circle_grid_b,
          hangedman_vaults_locks, nicolae_vaults_circle_grid_a, v_alt_pattern_3,
          v_misc_5, v_alt_pattern_1, ontoclasm_vaults_hangar,
          vaults_dpeg_encased_lava, nicolae_vaults_border_crossing,
          grunt_vaults_funnel, layout_vaults_ring, serial_shops, shop,
          uniq_donald

Skill      XL: |  1  2  3  4  5  6  7  8  9 10 11 12 13 14 15 16 17 |
---------------+----------------------------------------------------+-----
Necromancy     | 5 6 7 9 10 | 10.4
Spellcasting   | 3 4 5 6 8 |  8.2
Armour         | 1 3 5 6 |  6.6
Fighting       | 6 9 12 13 14 15 16 | 16.6
Polearms       | 5 8 11 12 13 14 15 | 15.7
Dodging        | 5 8 10 11 12 | 12.0
Slings         | 3 4 |  4.2
Hexes          | 2 6 |  6.4
Air Magic      | 1 5 |  5.7
Shields        | 4 |  4.0
Maces & Flails | 4 |  4.5
Stealth        | |  1.7

Action                   |  1- 3 |  4- 6 |  7- 9 | 10-12 | 13-15 | 16-18 || total
-------------------------+-------+-------+-------+-------+-------+-------++-------
Melee: Short sword       |     7 |       |       |       |       |       ||     7
       Halberd           |       |    71 |   435 |   889 |  1642 |   958 ||  3995
       Headbutt          |       |       |    59 |   176 |   655 |   765 ||  1655
       Pseudopods        |       |       |       |       |   236 |       ||   236
       Bite              |       |       |       |       |     4 |    12 ||    16
       Great mace        |       |       |       |       |       |    12 ||    12
       Hunting sling     |       |       |       |       |       |     1 ||     1
       Eveningstar       |       |       |       |       |       |   874 ||   874
 Fire: Hunting sling     |    13 |    28 |       |    27 |     4 |    17 ||    89
 Cast: Pain              |    59 |    63 |    23 |     9 |       |       ||   154
       Animate Skeleton  |     4 |     6 |     1 |     2 |       |       ||    13
       Agony             |       |       |     3 |    34 |     1 |       ||    38
       Animate Dead      |       |       |       |     2 |       |       ||     2
Invok: Request Jelly     |       |       |     1 |     2 |     2 |     3 ||     8
       Cure Bad Mutation |       |       |     1 |       |     4 |     1 ||     6
       Slimify           |       |       |       |    12 |     4 |     3 ||    19
Evoke: Wand              |       |       |     2 |     8 |       |       ||    10
       Phial of floods   |       |       |       |       |       |     1 ||     1
  Use: Scroll            |       |     2 |     8 |    10 |     3 |    11 ||    34
       Potion            |       |       |       |     8 |     6 |     1 ||    15
 Stab: Sleeping          |       |       |     1 |       |     9 |     6 ||    16
       Paralysed         |       |       |     2 |     4 |       |       ||     6
       Distracted        |       |       |       |     1 |     7 |     7 ||    15
       Confused          |       |       |       |     4 |    14 |    35 ||    53
       Held in net/web   |       |       |       |       |     3 |       ||     3
       Invisible         |       |       |       |       |       |     2 ||     2
Armor: Robe              |    13 |     3 |       |    38 |   270 |   317 ||   641
       Ring mail         |       |    17 |   287 |   374 |       |       ||   678
Dodge: Dodged            |    22 |    74 |   509 |   908 |  2910 |  3722 ||  8145
       Repelled          |       |       |     5 |     6 |     7 |    23 ||    41
Block: Buckler           |       |       |       |       |       |   587 ||   587
